Map: Elysium

Players

couchman

  • Race: Terran Terran
  • Spawn Location: 3:00

CBagRun

  • Race: Zerg Zerg
  • Spawn Location: 11:00

HORSES - Winner!

  • Race: Zerg Zerg
  • Spawn Location: 6:00

VOD

Have the link to the VOD?

Description

Time

  • Played on: Dec. 12, 2021, 8:12 a.m.
  • Length: 20:36
Show
View Real Time Build Order
Export as new Build Order

couchman Terran 

Build Orders:  

Get SALT Encoding   

  12  0:01  SCV  
  13  0:13  SCV  
  14  0:19  Supply Depot  
  14  0:25  SCV  
  15  0:41  SCV  
  16  0:48  Refinery  
  16  0:53  SCV  
  17  1:05  SCV  
  18  1:17  SCV  
  19  1:27  Barracks  
  19  1:29  SCV  
  20  1:41  SCV  
  20  1:46  Command Center  
  21  1:53  SCV  
  22  2:06  SCV, Refinery  
  23  2:16  Supply Depot  
  23  2:17  Supply Depot  
  23  2:37  Marine  
  23  2:38  SCV  
  25  2:46  Barracks  
  25  2:55  Marine, Engineering Bay  
  26  2:59  SCV  
  27  3:12  SCV  
  28  3:13  Marine  
  29  3:21  Missile Turret  
  29  3:24  SCV  
  30  3:29  Terran Infantry Weapons Level 1, Factory  
  30  3:32  Barracks Tech Lab  
  30  3:36  SCV  
  30  3:39  SCV  
  32  3:45  Barracks Reactor  
  32  3:48  SCV  
  33  3:51  SCV  
  33  3:54  Ghost Academy  
  34  4:00  SCV  
  35  4:08  Sensor Tower  
  35  4:11  SCV  
  35  4:14  SCV  
  37  4:18  Refinery  
  37  4:24  SCV  
  38  4:26  SCV  
  38  4:36  Personal Cloaking, SCV  
  40  4:38  SCV, Ghost  
  44  4:45  Hellion  
  44  4:48  SCV  
  44  4:50  SCV  
  46  4:56  Marine x2  
  48  5:00  SCV  
  48  5:02  SCV  
  48  5:05  Barracks  
  50  5:07  Marine  
  50  5:14  Marine x2  
  51  5:18  Armory  
  53  5:24  Factory Reactor  
  53  5:25  Marine  
  54  5:35  Marine  
  53  5:36  Marine  
  49  5:43  Marine  
  46  5:54  Marine  
  46  5:55  Marine x2  
  43  6:00  Supply Depot  
  43  6:01  Marine  
  43  6:02  Nuke  
  39  6:12  Marine x2  
  36  6:21  SCV  
  36  6:23  Supply Depot  
  37  6:26  Bunker  
  37  6:33  Barracks Reactor, SCV  
  37  6:36  Ghost  
  37  6:37  Marine  
  37  6:38  Marine  
  42  6:45  Supply Depot, SCV  
  43  6:55  Marine x2  
  43  6:57  SCV  
  43  6:59  Starport  
  40  7:05  Marine  
  33  7:08  Supply Depot  
  33  7:13  Marine x2  
  33  7:23  Marine, SCV  
  34  7:31  Marine x2, Supply Depot  
  36  7:37  Marine x2  
  36  7:41  Marine, Combat Shield  
  37  7:49  Marine x2  
  39  7:55  Marine x2  
  41  7:58  Marine  
  42  8:06  Marine  
  42  8:07  Marine  
  44  8:13  Marine x2  
  44  8:16  Marine  
  47  8:24  Marine x2  
  49  8:29  Sensor Tower  
  49  8:34  Medivac  
  51  9:00  Stimpack  
  51  9:04  Medivac  
  53  9:15  Bunker  
  53  9:19  Bunker  
  53  9:36  Command Center  
  53  9:43  Bunker  
  53  9:48  Refinery  
  53  9:50  Missile Turret  
  53  9:54  Terran Infantry Armor Level 1  
  53  10:00  Marine  
  53  10:01  Marine  
  55  10:19  Ghost  
  57  10:52  Medivac  
  59  11:48  Neosteel Armor  
  57  12:42  Marine  
  57  12:43  Marine x4  
  62  13:00  Marine x2  
  62  13:01  Marine  
  60  13:41  Marine x2  
  60  13:42  Marine x2  
  44  14:17  Terran Infantry Weapons Level 2  
  44  14:26  Orbital Command  
  44  14:31  Marine x4  
  44  14:32  Marine  
  48  14:49  Marine x5  
  32  15:07  Marine x5  
  25  15:24  Marine  
  14  16:32  Command Center  
  14  16:37  Bunker  
  14  16:38  Barracks  
  14  17:31  Marine  
  15  17:42  Marine x2  
  17  17:49  Marine  
  18  18:00  Marine x2  
  20  18:07  Marine  
  19  18:15  SCV  
  19  18:18  Marine  
  21  18:27  SCV  
  22  18:39  SCV  
Show
View Real Time Build Order
Export as new Build Order

CBagRun Zerg 

Build Orders: Pool Only, Ravager All-In 

Get SALT Encoding   

  12  0:03  Drone  
  13  0:08  Drone  
  14  0:24  Drone, Extractor  
  14  0:36  Overlord, Extractor  
  14  0:40  Drone  
  14  0:54  Drone  
  14  0:55  Drone  
  16  1:00  Drone  
  17  1:14  Drone  
  18  1:20  Drone  
  19  1:41  Spawning Pool  
  18  1:52  Drone  
  19  2:32  Zergling x4  
  19  2:33  Roach Warren  
  20  2:38  Overlord  
  20  2:48  Metabolic Boost  
  20  3:13  Roach  
  20  3:14  Roach x2  
  26  3:40  Roach  
  26  3:41  Roach  
  30  3:49  Overlord  
  30  4:16  Ravager  
  31  4:17  Ravager  
  31  4:18  Ravager  
  31  4:19  Ravager  
  31  4:20  Ravager  
  35  4:24  Roach  
  37  4:33  Zergling x2  
  37  4:35  Overlord  
  37  4:54  Ravager  
  37  4:58  Roach  
  37  4:59  Roach x2  
  24  6:21  Ravager  
  24  6:23  Ravager x2  
  29  6:25  Roach  
  29  6:26  Roach x2  
  29  6:32  Queen  
  35  6:42  Zergling x2  
  36  6:52  Ravager x3  
  39  6:55  Roach  
  39  6:58  Roach  
  37  7:28  Ravager  
  35  7:33  Ravager  
  35  7:36  Zergling x6  
  23  8:20  Roach x2  
  23  8:21  Roach x3  
  33  8:37  Zergling x2  
  34  8:48  Ravager x2  
  36  9:04  Roach x4  
  44  9:23  Ravager  
  45  9:36  Ravager  
  46  9:45  Overlord  
  46  10:06  Ravager  
  47  10:07  Ravager  
  48  10:15  Ravager  
  20  11:02  Zergling x10  
  20  11:03  Zergling x6  
  28  11:17  Zergling x2  
Show
View Real Time Build Order
Export as new Build Order

HORSES Zerg - Winner!

Build Orders: Hatch First 

Get SALT Encoding   

  12  0:04  Drone  
  13  0:12  Overlord  
  13  0:31  Drone x3  
  16  0:47  Drone  
  17  1:10  Drone x2  
  19  1:15  Hatchery  
  18  1:18  Spawning Pool  
  18  1:20  Drone  
  18  1:54  Drone x3  
  21  1:59  Extractor  
  20  2:02  Extractor  
  19  2:09  Overlord  
  19  2:14  Queen  
  21  2:20  Zergling x2  
  22  2:28  Zergling x2  
  23  2:31  Drone  
  24  2:39  Zergling x2  
  25  2:49  Drone  
  25  2:50  Queen  
  28  2:53  Drone x2  
  28  2:54  Queen  
  32  3:08  Drone  
  32  3:12  Drone  
  34  3:23  Drone x2  
  34  3:26  Overlord  
  36  3:29  Overlord  
  36  3:38  Overlord  
  36  3:44  Queen  
  38  4:26  Drone x3  
  38  4:28  Zergling x2  
  38  4:29  Zergling x12  
  48  4:37  Lair  
  48  4:38  Metabolic Boost  
  48  4:41  Zergling x2  
  49  5:07  Drone x2  
  49  5:11  Lair  
  51  5:17  Zergling x2  
  51  5:18  Zergling x10  
  57  5:50  Zergling x2  
  57  5:51  Zergling x4  
  60  6:00  Overlord x4  
  60  6:04  Evolution Chamber  
  59  6:15  Zergling x2  
  60  6:22  Drone x2  
  57  7:32  Zergling x6  
  57  7:33  Zergling x4  
  57  8:23  Zergling x6  
  60  8:36  Zerg Melee Weapons Level 1  
  60  8:40  Drone x2  
  62  8:58  Zergling x6  
  62  9:01  Zergling x8  
  62  9:02  Zergling x6  
  72  9:10  Evolution Chamber  
  72  9:12  Roach Warren  
  70  9:18  Overlord  
  70  9:21  Overlord x2  
  71  9:45  Zergling x4  
  71  9:46  Zergling x4  
  74  9:55  Zerg Ground Armor Level 1  
  74  9:57  Glial Reconstitution  
  74  9:59  Roach  
  80  10:00  Roach x6  
  80  10:03  Roach  
  80  10:04  Roach x3  
  96  10:30  Zerg Missile Weapons Level 1  
  96  10:31  Overlord x4  
  78  11:18  Roach x4  
  84  11:19  Roach x2  
  88  11:32  Roach x6  
  98  11:42  Roach x2  
  98  11:45  Roach  
  104  11:48  Zerg Melee Weapons Level 2  
  67  12:59  Roach x3  
  67  13:01  Roach x3  
  74  13:35  Zerg Ground Armor Level 2  
  68  14:04  Zerg Missile Weapons Level 2  
  68  14:11  Drone x3  
  71  14:18  Queen  
  55  14:54  Queen  
  45  15:42  Roach x3  
  51  15:52  Roach x3  
  57  16:24  Roach x2  
  61  16:28  Drone  
  61  16:31  Drone x3  
  65  17:05  Drone x3  
  68  17:16  Roach x5  
  68  17:17  Roach  
  78  18:25  Roach x3  
  78  18:26  Roach x3  
  90  18:30  Roach x4  
  90  18:31  Roach x2  
  98  19:33  Zergling x2  
  98  19:34  Zergling x8  
  98  19:37  Roach x5  
Tags
 
Add a new tag
Caveats
  • Supply blocks, unpowered buildings, or Contaminate may cause inaccurate times.
  • Supply counts are checked every 10 seconds.